 Dungeon Crawl Stone Soup version 0.22.0-5-gf09313c (webtiles) character file.

81 MrElk the Ducker (level 4, -3/23 HPs)
             Began as a Spriggan Gladiator on Aug 13, 2018.
             Slain by a scorpion (4 damage)
             ... on level 2 of the Dungeon.
             The game lasted 00:03:13 (1671 turns).

MrElk the Ducker (Spriggan Gladiator)               Turns: 1671, Time: 00:03:13

Health: -3/23      AC:  2    Str: 11    XL:     4   Next: 20%
Magic:  5/5        EV: 21    Int:  9    God:
Gold:   38         SH:  0    Dex: 17    Spells: 3/3 levels left

rFire    . . .     SeeInvis +   a - +0 quarterstaff
rCold    . . .     Gourm    .   (shield currently unavailable)
rNeg     . . .     Faith    .   b - +0 robe
rPois    .         Spirit   .   c - +0 hat
rElec    .         Reflect  .   (no cloak)
rCorr    .         Harm     .   (gloves unavailable)
MR       .....                  (boots unavailable)
Stlth    ++........             (no amulet)
HPRegen  0.07/turn              (no ring)
MPRegen  0.09/turn              (no ring)

@: lethally poisoned (-3 -> -12), very quick
A: very small, unfitting armour, see invisible, herbivore, speed 3, slow
metabolism 2
a: no special abilities


You were on level 2 of the Dungeon.
You were not hungry.

You visited 1 branch of the dungeon, and saw 2 of its levels.

You collected 38 gold pieces.

Inventory:

Hand Weapons
 a - a +0 quarterstaff (weapon)
Missiles
 d - 3 throwing nets (quivered)
Armour
 b - a +0 robe (worn)
 c - a +0 hat (worn)
Scrolls
 h - a scroll of noise {unknown}
Potions
 e - a potion of invisibility {unknown}
 g - a potion of heal wounds {unknown}
 i - a potion of curing {unknown}
Comestibles
 f - 2 rations


   Skills:
 + Level 2.1 Fighting
 + Level 3.1 Staves
 - Level 2.0 Throwing
 + Level 5.3 Dodging
 + Level 1.0 Stealth


You had 3 spell levels left.
You didn't know any spells.
Your spell library was empty.

Dungeon Overview and Level Annotations

Branches:
Dungeon (2/15)

Altars:
Wu Jian


Innate Abilities, Weirdness & Mutations

You are very small and have problems with some larger weapons.
You are too small for most types of armour.
You have supernaturally acute eyesight. (SInv)
You are a herbivore.
You cover ground extremely quickly.
You need to consume almost no food.


Message History

You hit the scorpion.
The scorpion is severely wounded.
You feel sick. The scorpion misses you.
You barely miss the scorpion.
The scorpion is severely wounded.
You feel sick. The scorpion stings you.
You barely miss the scorpion.
The scorpion is severely wounded.
You feel sick. The scorpion stings you.
* * * LOW HITPOINT WARNING * * *
The scorpion completely misses you.
You hit the scorpion but do no damage.
The scorpion is severely wounded.
* * * LOW HITPOINT WARNING * * *
You feel sick. The scorpion misses you.
You completely miss the scorpion.
The scorpion is severely wounded.
* * * LOW HITPOINT WARNING * * *
You feel sick. The scorpion stings you.
You die...

..## #.##.##.# <.[
########.......#
#.#.#.....#####.####
.........#####.#
#.#...........#
#.......#######
###......# ####...#
#..@# #..s# #...#
#..w# #.... .....
...... ........


You could see a worm and a scorpion.

Vanquished Creatures
  Natasha (D:2)
  2 adders (D:2)
  2 oozes (D:1)
  2 dart slugs (D:1)
  3 bats (D:1)
  2 giant cockroaches
  4 goblins (D:1)
  3 hobgoblins (D:1)
  2 jackals (D:1)
  3 frilled lizards (D:1)
  2 kobolds (D:1)
  2 rats (D:1)
28 creatures vanquished.

Notes
Turn   | Place    | Note
-------+----------+-------------------------------------------
     0 | D:1      | MrElk the Spriggan Gladiator began the quest for the Orb.
     0 | D:1      | Reached XP level 1. HP: 10/10 MP: 2/2
   288 | D:1      | Reached XP level 2. HP: 3/15 MP: 3/3
   674 | D:1      | Reached skill level 5 in Dodging
   891 | D:1      | Reached XP level 3. HP: 18/18 MP: 4/4
  1194 | D:2      | Noticed Natasha
  1208 | D:2      | Killed Natasha
  1399 | D:2      | Found an ornate altar of the Wu Jian Council.
  1486 | D:2      | Reached skill level 1 in Stealth
  1486 | D:2      | Reached XP level 4. HP: 21/23 MP: 5/5
  1671 | D:2      | HP: 1/23 [poisoned by a scorpion]
  1671 | D:2      | Slain by a scorpion

Skill      XL: |  1  2  3 |
---------------+----------+-----
Dodging        | 5 |  5.3
Fighting       | 2 |  2.1
Staves         | 3 |  3.1
Stealth        | 1 |  1.0
Throwing       | |  2.0

Action                   |  1- 3 |  4- 6 || total
-------------------------+-------+-------++-------
Melee: Quarterstaff      |    77 |    19 ||    96
 Stab: Sleeping          |     2 |     1 ||     3
Armor: Robe              |     4 |     2 ||     6
Dodge: Dodged            |    75 |    15 ||    90
